 Dungeon Crawl Stone Soup version 0.28-a0-1555-g9ae15a6949 (webtiles) character file.

Game seed: 10212373233104323155

54 psuckher the Sneak (level 3, -11/30 HPs)
             Began as a Barachi Delver on Jan 18, 2022.
             Killed themself with a badly aimed iceblast (12 damage)
             ... on level 5 of the Dungeon.
             The game lasted 00:01:55 (37 turns).

psuckher the Sneak (Barachi Delver)                   Turns: 37, Time: 00:01:59

Health: -11/30     AC:  3    Str: 15    XL:     3   Next: 91%
Magic:  3/3        EV: 12    Int: 10    God:
Gold:   0          SH:  0    Dex: 13    Spells: 2/2 levels left

rFire   . . .      SeeInvis .   a - +0 short sword
rCold   . . .      Faith    .   (no shield)
rNeg    . . .      Spirit   .   b - +0 leather armour
rPois   .          Reflect  .   (no helmet)
rElec   .          Harm     .   (no cloak)
rCorr   .          Rampage  .   (no gloves)
Will    .....                   (no boots)
Stlth   +++.......              (no amulet)
HPRegen 0.10/turn               (no ring)
MPRegen 0.08/turn               (no ring)

@: slow
A: amphibious, slowness 1, strong legs 1, +LOS
a: Hop


You were on level 5 of the Dungeon.
You visited 1 branch of the dungeon, and saw 1 of its levels.

Inventory:

Hand Weapons
 a - a +0 short sword (weapon)
Armour
 b - a +0 leather armour (worn)
Wands
 g - a wand of digging (3)
 h - a wand of iceblast (5)
Scrolls
 c - a scroll of fog
 d - a scroll of magic mapping
 e - a scroll of fear
Potions
 f - a potion of haste


   Skills:
 + Level 4.1 Fighting
 + Level 2.3 Short Blades
 + Level 0.3 Armour
 + Level 2.3 Dodging
 + Level 5.4 Stealth
 + Level 0.2 Evocations


You had 2 spell levels left.
You didn't know any spells.
Your spell library was empty.

Dungeon Overview and Level Annotations

Branches:
Dungeon (5/15)
 Temple: D:4-7

Altars:


Innate Abilities, Weirdness & Mutations

You are amphibious.
You cover ground slowly.
You can hop short distances.
You have an extended range of vision and can be seen from far away.


Message History

The mass of ice explodes!
The iceblast engulfs the adder zombie!
The adder zombie partially resists.
You destroy the adder zombie!
The iceblast engulfs the bullfrog zombie!
The bullfrog zombie partially resists.
The bullfrog zombie is heavily damaged.
You hear a bark!
Aiming: Iceblast
Press: ? - help, Shift-Dir - straight line, f/p - bullfrog zombie
Aim: a bullfrog zombie (heavily damaged)
The mass of ice explodes!
The iceblast engulfs the bullfrog zombie.
The bullfrog zombie partially resists.
The bullfrog zombie is severely damaged.
You hit the bullfrog zombie.
The bullfrog zombie is almost destroyed.
The bullfrog zombie barely misses you. The bullfrog zombie hits you.
* * * LOW HITPOINT WARNING * * *
You hit the bullfrog zombie.
The bullfrog zombie is almost destroyed.
The bullfrog zombie hits you.
* * * LOW HITPOINT WARNING * * *
You barely miss the bullfrog zombie.
The bullfrog zombie is almost destroyed.
The bullfrog zombie hits you.
* * * LOW HITPOINT WARNING * * *
You barely miss the bullfrog zombie.
The bullfrog zombie is almost destroyed.
The bullfrog zombie closely misses you.
You hit the ogre.
The ogre is lightly wounded.
Aiming: Iceblast
Press: ? - help, Shift-Dir - straight line, p - bullfrog zombie The mass of ice explodes!
The iceblast engulfs the ogre!
The ogre is severely wounded.
The iceblast engulfs the bullfrog zombie!
The bullfrog zombie partially resists.
You destroy the bullfrog zombie!
The iceblast engulfs you!
You die...

. ##.#... . ..## ##....#
.... ..... ##....# ...# .
......#.....####...##.
......................##.
...........#.............
O.......#.#..#....# .....
...Z...###O..#....##...#
....... ##@...........##
.(.... ##......(.....##..
!...## #................
.... #...............#
... #...........#.#.# ..
#####..#.........
##.#.........
##>......... #..........


You could see an ogre.

Vanquished Creatures
  A wyvern skeleton (D:5)
  A bullfrog zombie (D:5)
  An adder zombie (D:5)
3 creatures vanquished.

Notes
Turn   | Place    | Note
-------+----------+-------------------------------------------
     0 | D:5      | psuckher the Barachi Delver began the quest for the Orb.
     0 | D:5      | Reached XP level 1. HP: 18/18 MP: 1/1
    19 | D:5      | Noticed an ogre
    29 | D:5      | Reached skill level 5 in Stealth
    29 | D:5      | Reached XP level 2. HP: 7/25 MP: 2/2
    29 | D:5      | Reached XP level 3. HP: 8/30 MP: 3/3
    33 | D:5      | HP: 1/30 [bullfrog zombie (5)]
    37 | D:5      | Killed themself with a badly aimed iceblast

Illustrated notes

Levels and vault maps discovered:
D:5:      layout_cave_pools, mainiacjoe_overflow_brackets, marbit_many_paths,
          uniq_blork_the_orc

Skill      XL: |  1 |
---------------+----+-----
Fighting       | 4 |  4.1
Stealth        | 5 |  5.4
Short Blades   | |  2.3
Armour         | |  0.3
Dodging        | |  2.3
Evocations     | |  0.2

Action                   || total
-------------------------++-------
Melee: Short sword       ||     5
Evoke: Wand              ||     7
Dodge: Dodged            ||     5

Table legend: (Time is in decaauts)
 A = Elapsed time spent in this place.
 B = Non-inter-level travel time spent in this place.
 C = Inter-level travel time spent in this place.
 D = Time resting spent in this place.
 E = Time spent auto-exploring this place.
 F = Levels seen in this place.
 G = Mean time per level.
                   A        B        C        D        E       F      G
               +--------+--------+--------+--------+--------+-----+--------+
         Total |     41 |     35 |      6 |      0 |      0 |   1 |   41.0 |
       Dungeon |     41 |     35 |      6 |      0 |      0 |   1 |   41.0 |
               +--------+--------+--------+--------+--------+-----+--------+

Top non-repeatable levels by time:
     D:5: 41 daAuts
